 Dungeon Crawl Stone Soup version 0.27.1-4-g1640c2035a (webtiles) character file.

Game seed: 9250064375057563941

13680 porpoise the Thaumaturge (level 11, -4/63 HPs)
             Began as a Deep Elf Conjurer on Nov 11, 2021.
             Was a Believer of Vehumet.
             Slain by a two-headed ogre (25 damage)
             ... on level 11 of the Dungeon.
             The game lasted 01:18:49 (16896 turns).

porpoise the Thaumaturge (Deep Elf Conjurer)       Turns: 16896, Time: 01:18:50

Health: -4/63      AC:  7    Str:  5    XL:     11   Next: 78%
Magic:  13/38      EV: 15    Int: 26    God:    Vehumet [**....]
Gold:   1144       SH:  6    Dex: 13    Spells: 9/34 levels left

rFire    . . .     SeeInvis .   b - +1 hunting sling (freeze)
rCold    . . .     Faith    .   D - +1 buckler
rNeg     . . .     Spirit   .   A - +0 robe
rPois    .         Reflect  .   j - +0 helmet
rElec    .         Harm     .   X - +2 cloak {Will+}
rCorr    .         Rampage  .   (no gloves)
Will     ++...                  I - +0 pair of boots
Stlth    +++.......             N - amulet of magic regeneration
HPRegen  0.20/turn              Y - ring of magical power
MPRegen  0.51/turn              (no ring)

@: about to teleport
A: no striking features
a: Renounce Religion


You were on level 11 of the Dungeon.
You worshipped Vehumet.
Vehumet was pleased with you.
You visited 2 branches of the dungeon, and saw 12 of its levels.
You also visited: Bailey.

You collected 2001 gold pieces.
You spent 857 gold pieces at shops.

Inventory:

Hand Weapons
 b - a +1 hunting sling of freezing (weapon)
 C - a +2 dagger of venom
 J - a +6 spear of flaming
Missiles
 k - 41 sling bullets (quivered ammo)
Armour
 j - a +0 helmet (worn)
 A - a +0 robe (worn)
 D - a +1 buckler (worn)
 I - a +0 pair of boots (worn)
 X - a +2 cloak of willpower (worn)
Magical Staves
 a - a staff of conjuration
 w - a staff of earth
Jewellery
 h - a ring of see invisible
 B - a ring of resist corrosion
 N - an amulet of magic regeneration (around neck)
 Y - a ring of magical power (left hand)
Wands
 r - a wand of mindburst (9)
 x - a wand of flame (60)
 z - a wand of charming (10)
 L - a wand of acid (10)
Scrolls
 c - a scroll of vulnerability
 M - a scroll of silence
Potions
 d - 4 potions of haste
 f - a potion of resistance
 g - a potion of curing
 l - a potion of attraction {unknown}
 m - a potion of heal wounds {unknown}
 o - a potion of flight {unknown}
 p - 4 potions of lignification
 u - a potion of degeneration {unknown}
 F - a potion of brilliance {unknown}
 K - 2 potions of magic
 Z - a potion of berserk rage {unknown}


   Skills:
 - Level 5.0 Fighting
 - Level 7.0 Dodging
 - Level 7.0 Stealth
 - Level 4.0 Shields
 - Level 12.0 Spellcasting
 - Level 9.0 Conjurations
 + Level 9.3 Hexes
 - Level 7.0 Translocations
 + Level 1.9 Poison Magic
 - Level 5.0 Evocations


You had 9 spell levels left.
You knew the following spells:

 Your Spells              Type           Power      Damage    Failure   Level
b - Searing Ray           Conj           100%       3d7       1%          2
c - Fulminant Prism       Conj/Hex       29%        3d14      1%          4
d - Iskenderun's Mystic   Conj/Tloc      55%        2d12      1%          4
g - Gell's Gravitas       Tloc           25%        N/A       1%          3
i - Ignite Poison         Fire/Tmut/Pois 18%        N/A       9%          3
m - Bolt of Magma         Conj/Fire/Erth 15%        4d9       30%         5
o - Olgreb's Toxic Radia  Pois           25%        N/A       17%         4

Your spell library contained the following spells:

 Spells                   Type           Power      Damage    Failure   Level
 Frozen Ramparts          Ice            30%        1d5       11%         3
 Magic Dart               Conj           100%       1d8       1%          1
 Dazzling Flash           Conj/Hex       100%       N/A       1%          3
 Lesser Beckoning         Tloc           25%        N/A       1%          3
 Summon Guardian Golem    Hex/Summ       39%        N/A       1%          3
 Teleport Other           Tloc           51%        N/A       1%          3
 Sting                    Tmut/Pois      80%        1d7       2%          1
 Mephitic Cloud           Conj/Pois/Air  34%        N/A       2%          3
 Poisonous Vapours        Pois/Air       40%        N/A       3%          2
 Call Imp                 Summ           15%        N/A       5%          2
 Orb of Destruction       Conj           29%        9d11      61%         7
 Spellforged Servitor     Conj/Summ      19%        N/A       99%         7


Dungeon Overview and Level Annotations

Branches:
Dungeon (11/15)            Temple (0/1) D:7            Lair (1/6) D:9
 Bailey (visited)
    Orc: D:9-12

Altars:
Cheibriados
Elyvilon
Fedhas
Kikubaaqudgha
Nemelex Xobeh
Okawaru
Trog
Uskayaw
Vehumet
Wu Jian
Xom
The Shining One

Shops:
D:1 [:   D:4 [   D:11 *

Annotations:
D:4 exclusion: downstairs
D:5 exclusion: downstairs
Lair:1 1 runed translucent door, SquidGame's ghost, journeyman TeBe


Message History

You don't know that spell.
Unknown command.
As you read the scroll of teleportation, it crumbles to dust.
You feel strangely unstable.
You block the centaur warrior zombie's attack.
The centaur warrior zombie misses you.
Casting: Iskenderun's Mystic Blast (dangerous; 1% risk of failure)
Confirm with . or Enter, or press ? or * to list all spells.
You erupt in a blast of force!
The mystic blast hits the centaur warrior zombie.
The centaur warrior zombie is almost destroyed.
The centaur warrior zombie is knocked back by the mystic blast.
The centaur warrior zombie slams into the stone wall!
You destroy the centaur warrior zombie!
Vehumet accepts your kill.
You feel your power returning.
Casting: Iskenderun's Mystic Blast (dangerous; 1% risk of failure)
Confirm with . or Enter, or press ? or * to list all spells.
Aiming: Searing Ray (safe; 1% risk of failure)
Press: ? - help, Shift-Dir - straight line, f - troll
Aim: a troll (severely wounded, 83% to hit)
The searing ray misses the troll. (Press . to maintain the ray.) Unknown command.
The searing ray hits the troll!
The troll is almost dead.
Your surroundings suddenly seem different.
A two-headed ogre comes into view.
It is wielding a +0 giant spiked club and a +0 dire flail.
Found 13 gold pieces and a triple sword.
As you read the scroll of teleportation, it crumbles to dust.
You feel strangely unstable.
As you read the scroll of fear, it crumbles to dust.
You assume a fearsome visage.
The ice dragon looks frightened!
The ice dragon roars deafeningly!
The two-headed ogre easily resists.
You hear an angry buzzing noise.
The two-headed ogre barely misses you. The two-headed ogre closely misses you.
A vampire mosquito comes into view.
The two-headed ogre hits you with a +0 giant spiked club!!
You die...

#.##$$$##
#..#####
##....
###'##
#y....#
...y...##
#..$#
##O.# #.@+
#..# #...#
..^)##
....#
##+#####
#..#†.#
..#..T.##
....†....#


You could see a two-headed ogre and a vampire mosquito.

Vanquished Creatures
  A two-headed ogre (D:11)
  An ugly thing (D:10)
  A cane toad (Lair:1)
  4 trolls
  2 komodo dragons (Lair:1)
  4 blink frogs (Lair:1)
  Grinder (D:6)
  A hornet (D:8)
  A wraith (D:10)
  17 yaks
  A basilisk (D:10)
  3 steam dragons
  Duvessa (D:7)
  5 water moccasins
  An acid dragon (D:9)
  12 orc warriors
  3 sky beasts
  3 black bears
  2 necrophages
  4 ice beasts
  4 ogres
  10 centaurs
  A kobold brigand (D:10)
  Blork the orc (D:6)
  A bullfrog (D:6)
  2 gnoll sergeants (D:5)
  2 scorpions (D:6)
  A wyvern skeleton (D:4)
  Dowan (D:7)
  5 killer bees (D:8)
  A howler monkey (D:11)
  6 centaur zombies
  4 jellies
  Crazy Yiuf (D:6)
  A bullfrog skeleton (D:6)
  5 orc priests
  A gnoll shaman (D:7)
  4 iguanas
  2 centaur skeletons (D:7)
  Ijyb (D:4)
  8 orc wizards
  A statue (D:6)
  A killer bee zombie (D:6)
  A hound skeleton (D:4)
  A howler monkey zombie (D:8)
  Robin (D:2)
  18 gnolls
  2 howler monkey skeletons
  9 adders
  2 shadow imps (D:6)
  A white imp (D:7)
  An adder skeleton (D:4)
  4 worms
  A dart slug (D:1)
  39 orcs
  10 bats
  7 endoplasms
  A giant cockroach (D:2)
  18 goblins
  8 hobgoblins
  3 jackals (D:5)
  7 kobolds
  5 quokkas
  7 ball pythons
  6 frilled lizards
  7 rats
291 creatures vanquished.

Vanquished Creatures (others)
  85 fulminant prisms
  3 fungi
  A plant (Lair:1)
89 creatures vanquished.

Grand Total: 380 creatures vanquished

Notes
Turn   | Place    | Note
-------+----------+-------------------------------------------
     0 | D:1      | porpoise the Deep Elf Conjurer began the quest for the Orb.
     0 | D:1      | Reached XP level 1. HP: 10/10 MP: 6/6
   329 | D:1      | Reached XP level 2. HP: 15/15 MP: 3/8
   375 | D:1      | Learned a level 2 spell: Searing Ray
   706 | D:1      | Found a faded altar of an unknown god.
   805 | D:1      | Found Dawn's Armour Emporium.
  1004 | D:1      | Reached skill level 4 in Spellcasting
  1342 | D:1      | Reached skill level 5 in Conjurations
  1365 | D:1      | Found Tiux's Book Shop.
  1393 | D:1      | Reached XP level 3. HP: 19/19 MP: 8/10
  1774 | D:2      | Noticed Robin
  1781 | D:2      | Killed Robin
  1782 | D:2      | Reached XP level 4. HP: 19/24 MP: 2/12
  2458 | D:2      | Reached skill level 5 in Spellcasting
  2811 | D:3      | Learned a level 4 spell: Fulminant Prism
  2816 | D:3      | Learned a level 4 spell: Iskenderun's Mystic Blast
  2858 | D:3      | Found a sparkling altar of Nemelex Xobeh.
  3010 | D:3      | Reached skill level 1 in Hexes
  3153 | D:3      | Reached XP level 5. HP: 23/28 MP: 6/14
  3266 | D:3      | Found a white marble altar of Elyvilon.
  3872 | D:4      | Noticed a sky beast
  3886 | D:4      | Killed a sky beast
  3887 | D:4      | Reached skill level 6 in Spellcasting
  3887 | D:4      | Reached XP level 6. HP: 25/32 MP: 9/17
  4117 | D:4      | Reached skill level 7 in Spellcasting
  4117 | D:4      | Reached skill level 5 in Hexes
  4171 | D:4      | Reached skill level 1 in Translocations
  4171 | D:4      | Reached XP level 7. HP: 7/36 MP: 13/19
  4321 | D:4      | Identified the +5 ring mail of Love and Death {Harm *Slow
                  | rElec}
  4539 | D:4      | Noticed Ijyb
  4542 | D:4      | Killed Ijyb
  4734 | D:4      | Found Eninyz's Armour Shoppe.
  5041 | D:4      | Found a shimmering altar of Xom.
  5221 | D:5      | Entered Level 5 of the Dungeon
  5631 | D:5      | Reached XP level 8. HP: 41/41 MP: 11/20
  5807 | D:5      | Reached skill level 5 in Translocations
  6026 | D:5      | Reached skill level 1 in Fighting
  6154 | D:5      | Reached skill level 8 in Spellcasting
  6281 | D:5      | Found an ornate altar of the Wu Jian Council.
  6781 | D:6      | Noticed Grinder
  6787 | D:6      | Killed Grinder
  6847 | D:6      | Found an iron altar of Okawaru.
  6863 | D:6      | Reached skill level 9 in Spellcasting
  6986 | D:6      | Reached XP level 9. HP: 51/51 MP: 17/24
  6991 | D:6      | Noticed Blork the orc
  6994 | D:6      | Killed Blork the orc
  7152 | D:6      | Reached skill level 10 in Spellcasting
  7819 | D:6      | Found a radiant altar of Vehumet.
  7833 | D:6      | Became a worshipper of Vehumet
  8103 | D:6      | Found a runed translucent door.
  8104 | D:6      | Noticed Crazy Yiuf
  8110 | D:6      | Killed Crazy Yiuf
  8155 | D:7      | Noticed Duvessa
  8155 | D:7      | Noticed Dowan
  8159 | D:7      | Killed Dowan
  8162 | D:7      | Killed Duvessa
  8385 | D:7      | Reached skill level 5 in Fighting
  8431 | D:7      | Reached skill level 11 in Spellcasting
  8439 | D:7      | Reached skill level 1 in Shields
  8816 | D:7      | Found a staircase to the Ecumenical Temple.
  9167 | D:8      | Reached XP level 10. HP: 55/59 MP: 9/27
  9331 | D:8      | Reached skill level 12 in Spellcasting
  9335 | D:8      | Learned a level 3 spell: Gell's Gravitas
  9360 | D:8      | Reached * piety under Vehumet
  9360 | D:8      | Offered knowledge of Foxfire by Vehumet.
  9560 | D:8      | Found a glowing golden altar of the Shining One.
 10706 | D:9      | Found a flagged portal.
 10718 | Bailey   | Entered a bailey
 10725 | Bailey   | Reached skill level 5 in Dodging
 11725 | Bailey   | Offered knowledge of Static Discharge by Vehumet.
 11737 | Bailey   | Reached skill level 1 in Evocations
 11799 | Bailey   | Reached ** piety under Vehumet
 12152 | Bailey   | Identified the ring of Tytuxu Etili {Contam rF+ rCorr
                  | Dex+4}
 12460 | D:9      | Found a staircase to the Lair.
 13057 | D:9      | Reached XP level 11. HP: 63/63 MP: 21/29
 13080 | D:9      | Found a snail-covered altar of Cheibriados.
 13087 | D:9      | Found a bloodstained altar of Trog.
 13087 | D:9      | Found a hide-covered altar of Uskayaw.
 13102 | D:9      | Found a blossoming altar of Fedhas.
 13105 | D:9      | Found an ancient bone altar of Kikubaaqudgha.
 13269 | D:10     | Entered Level 10 of the Dungeon
 13270 | D:10     | Identified a scroll of acquirement
 13270 | D:10     | Acquired 1342 gold pieces
 13565 | D:1      | Bought a Trismegistus Codex for 308 gold pieces
 13565 | D:1      | Bought a Young Poisoner's Handbook for 220 gold pieces
 13569 | D:1      | Learned a level 3 spell: Ignite Poison
 13574 | D:1      | Learned a level 4 spell: Olgreb's Toxic Radiance
 13580 | D:1      | Learned a level 5 spell: Bolt of Magma
 13889 | D:4      | Bought a +2 cloak of willpower for 301 gold pieces
 14143 | D:10     | Noticed a green ugly thing
 14151 | D:10     | Killed a green ugly thing
 14785 | Lair:1   | Entered Level 1 of the Lair of Beasts
 14789 | Lair:1   | Reached skill level 5 in Evocations
 15508 | Lair:1   | Reached skill level 5 in Stealth
 15711 | Lair:1   | Noticed SquidGame's ghost (journeyman TeBe)
 15712 | Lair:1   | Found a runed translucent door.
 15772 | Lair:1   | Offered knowledge of Frozen Ramparts by Vehumet.
 16829 | D:11     | Found Yblatydi's General Store.
 16832 | D:11     | Bought a scroll of identify for 28 gold pieces
 16854 | D:11     | Noticed a two-headed ogre
 16859 | D:11     | Killed a two-headed ogre
 16863 | D:11     | Noticed an ice dragon
 16870 | D:11     | Noticed a deep elf pyromancer
 16889 | D:11     | Reached skill level 1 in Poison Magic
 16892 | D:11     | Noticed a two-headed ogre
 16896 | D:11     | Slain by a two-headed ogre

Illustrated notes

Levels and vault maps discovered:
D:1:      sevenhm_arrival_forest_fort_large_2, layout_basic, serial_shops,
          nicolae_shop_window_shopping, shop, shapermc_ecumenical_altar_venn,
          wander_ebering_terrifying_dragon_lair
D:2:      wad_lake_hut, layout_basic, minmay_misc_feat_iff, minivault_5,
          minmay_pentomino_s4, uniq_robin
D:3:      layout_loops_ring, nicolae_overflow_crystal_walls, marbit_many_paths,
          minmay_misc_feat_rows
D:4:      layout_loops_ring, dk_xom_monty_hall, serial_shops,
          nicolae_stop_n_shop_2, minmay_crystal_room, hangedman_glass_teeth,
          uniq_ijyb
D:5:      layout_loops_ring, pdpol_wu_jian_five_deadly_venoms
D:6:      layout_rooms, okawaru_ov_weapons_minmay, vehumet_statue, uniq_grinder,
          uniq_blork_the_orc, uniq_crazy_yiuf_cottage
D:7:      layout_rooms, minmay_temple_entry_arrows, uniq_duvessa
D:8:      layout_basic, tso_metal_star
D:9:      layout_roguey, minmay_overflow_temple_star_hex, dpeg_oklobed_lair,
          enter_bailey_5, serial_curves, eino_curves_04, eino_curves_04
D:10:     layout_cave_pools
D:11:     minmay_the_grid_3x3 [minmay_the_grid_plusring, minmay_the_grid_box_x,
          minmay_the_grid_spikes, minmay_the_grid_pillar_ring,
          minmay_the_grid_outer_circle, minmay_the_grid_minigrid_medium,
          minmay_the_grid_tri_star, minmay_the_grid_dragon_b,
          minmay_the_grid_prize_four_corners_diamond_a], layout_basic,
          orc_0_dummy, ebering_ghost_rock_garden, serial_shops,
          nicolae_shop_behind_doors, uniq_gastronok
Lair:1:   layout_long_grid, hellmonk_ghost_happy_afterlife,
          infiniplex_staircase_pool

Skill      XL: |  1  2  3  4  5  6  7  8  9 10 11 |
---------------+----------------------------------+-----
Spellcasting   | 4 5 6 7 9 11 12 | 12.0
Conjurations   | 5 6 7 9 |  9.0
Hexes          | 1 3 5 7 9 |  9.3
Translocations | 1 4 5 6 7 |  7.0
Fighting       | 3 5 |  5.0
Shields        | 2 4 |  4.0
Dodging        | 7 |  7.0
Evocations     | 3 5 |  5.0
Stealth        | 7 |  7.0
Poison Magic   | 1 |  1.9

Action                   |  1- 3 |  4- 6 |  7- 9 | 10-12 || total
-------------------------+-------+-------+-------+-------++-------
Melee: Dagger            |       |     2 |       |       ||     2
       Spear             |       |       |    11 |       ||    11
       Staff             |       |       |       |     6 ||     6
 Fire: Hunting sling     |       |       |    71 |   122 ||   193
Throw: Boomerang         |       |    17 |     9 |       ||    26
 Cast: Magic Dart        |    49 |    31 |     8 |     1 ||    89
       Searing Ray       |     6 |    21 |    71 |    53 ||   151
       Fulminant Prism   |       |     2 |    26 |    57 ||    85
       Iskenderun's Myst |       |       |     6 |    36 ||    42
       Gell's Gravitas   |       |       |       |     9 ||     9
Evoke: Wand              |       |       |     1 |     5 ||     6
  Use: Scroll            |       |       |    12 |    13 ||    25
       Potion            |       |       |     2 |       ||     2
 Stab: Sleeping          |       |     2 |       |       ||     2
Armor: Robe              |     1 |       |     6 |     6 ||    13
       Skin              |       |       |     2 |       ||     2
Dodge: Dodged            |     9 |     4 |    28 |    41 ||    82
Block: Buckler           |       |       |     2 |    14 ||    16
